 Dungeon Crawl Stone Soup version 0.28.0-47-ge53b351184 (webtiles) character file.

Game seed: 4024885690079657249

1861 NinjaNoafa the Ruffian (level 8, -6/79 HPs)
             Began as a Troll Monk on Apr 30, 2022.
             Was a High Priest of Cheibriados.
             Mangled by an ogre
             ... wielding a +0 giant club
              (19 damage)
             ... on level 6 of the Dungeon.
             The game lasted 00:11:47 (4886 turns).

NinjaNoafa the Ruffian (Troll Monk)                 Turns: 4886, Time: 00:11:48

Health: -6/79      AC:  7    Str: 34    XL:     8   Next: 89%
Magic:  10/10      EV: 13    Int: 18    God:    Cheibriados [*****.]
Gold:   144        SH:  0    Dex: 24    Spells: 7/7 levels left

rFire   + . .      SeeInvis .   m - +3 short sword (freeze)
rCold   . . .      Faith    .   (no shield)
rNeg    . . .      Spirit   .   a - +1 robe
rPois   .          Reflect  .   (helmet restricted)
rElec   .          Harm     .   g - +1 cloak {Stlth+}
rCorr   .          Rampage  .   (gloves unavailable)
Will    .....                   (boots unavailable)
Stlth   ++++......              (no amulet)
HPRegen 1.03/turn               s - ring of protection from fire
MPRegen 0.12/turn               (no ring)

@: about to teleport, very slow
A: large, unfitting armour, claws 3, regeneration 1, shaggy fur 1, tough skin 1
a: Renounce Religion, Bend Time, Temporal Distortion, Slouch, Step From Time


You were on level 6 of the Dungeon.
You worshipped Cheibriados.
Cheibriados was extremely pleased with you.
You visited 2 branches of the dungeon, and saw 7 of its levels.

You collected 236 gold pieces.
You spent 92 gold pieces at shops.

Inventory:

Hand Weapons
 m - a +3 short sword of freezing (weapon)
Missiles
 d - 130 stones
 i - 5 boomerangs
 l - 2 javelins
 p - 2 poisoned darts (quivered)
 q - a curare-tipped dart
Armour
 a - a +1 robe (worn)
 f - a scarf of harm
 g - a +1 cloak of stealth (worn)
Jewellery
 s - a ring of protection from fire (left claw)
Wands
 c - a wand of paralysis (7)
 e - a wand of polymorph (5)
 k - a wand of flame (14)
Scrolls
 b - 2 scrolls of teleportation
 h - a scroll of amnesia
 j - a scroll of fog
 n - 3 scrolls of immolation
 r - a scroll of identify
Potions
 o - 2 potions of lignification


   Skills:
 - Level 4.3 Fighting
 + Level 3.5 Short Blades
 - Level 4.3 Dodging
 - Level 2.8 Stealth
 - Level 5.0 Unarmed Combat
 + Level 4.9 Invocations
 + Level 1.7 Evocations


You had 7 spell levels left.
You didn't know any spells.
Your spell library contained the following spells:

 Spells                   Type           Power      Damage    Failure   Level
 Animate Skeleton         Necr           0%         N/A       22%         1
 Apportation              Tloc           0%         N/A       22%         1
 Summon Small Mammal      Summ           0%         N/A       22%         1


Dungeon Overview and Level Annotations

Branches:
Dungeon (6/15)             Temple (1/1) D:5

Altars:
Ashenzari
Cheibriados
Dithmenos
Elyvilon
Fedhas
Gozag
Hepliaklqana
Kikubaaqudgha
Makhleb
Nemelex Xobeh
Okawaru
Qazlal
Ru
Sif Muna
Trog
Uskayaw
Vehumet
Wu Jian
Yredelemnul
Zin
The Shining One

Shops:
D:3 *

Annotations:
D:6 1 runed translucent door, pkoi's ghost, novice DgCj


Innate Abilities, Weirdness & Mutations

You are too large for most types of armour.
You have claws for hands.
Your natural rate of healing is unusually fast.
You are covered in fur. (AC +1)
You have tough skin. (AC +1)


Message History

The helpless steam dragon fails to defend itself.
You impale the steam dragon!! You freeze the steam dragon.
The steam dragon is severely wounded.
The steam dragon breathes steam at you. The ball of steam misses you.
The ogre shouts!
You hit the steam dragon. You freeze the steam dragon.
The steam dragon is almost dead.
The steam dragon closely misses you.
The steam dragon claws you but does no damage.
You hit the steam dragon but do no damage.
The steam dragon is almost dead.
The steam dragon breathes steam at you. The ball of steam misses you.
You hit the steam dragon. You freeze the steam dragon.
The steam dragon is almost dead.
The steam dragon closely misses you. The steam dragon barely misses you.
You hit the steam dragon. You freeze the steam dragon.
You kill the steam dragon!
Cheibriados thoroughly appreciates the change of pace.
The ogre misses you.
The ogre is engulfed in a cloud of scalding steam.
The ogre closely misses you. The ogre misses you.
You see here 25 sling bullets.
The ogre hits you with a +0 giant club!!
The ogre hits you with a +0 giant club!
You throw a poisoned dart.
The poisoned dart closely misses the ogre.
The ogre hits you with a +0 giant club!!
* * * LOW HITPOINT WARNING * * *
You are too injured to fight recklessly!
The ogre closely misses you. The ogre hits you with a +0 giant club!
* * * LOW HITPOINT WARNING * * *
Okay, then.
As you read the scroll of teleportation, it crumbles to dust.
You feel strangely unstable. The ogre closely misses you.
The ogre hits you with a +0 giant club!!
You die...

#.ยง..# #.#
####.# #.# #.#
#.# #(# #.# #.#
#.######## #.#
#......... #.#
#.########
##.#############
#....O@.......
##############


You could see an ogre.

Vanquished Creatures
  Sigmund (D:3)
  A steam dragon (D:6)
  Menkaure (D:4)
  A water moccasin (D:6)
  Pargi (D:3)
  A black bear (D:5)
  A sky beast (D:6)
  A necrophage (D:4)
  An ogre (D:5)
  A centaur (D:5)
  A kobold brigand (D:6)
  2 wyvern zombies
  A scorpion (D:4)
  A wyvern skeleton (D:5)
  A bullfrog zombie (D:6)
  A jelly (D:5)
  A hound (D:5)
  A centaur skeleton (D:6)
  An orc priest (D:5)
  An iguana (D:5)
  Ijyb (D:3)
  Terence (D:3)
  Natasha (D:2)
  2 orc wizards
  Robin (D:4)
  6 adders
  A shadow imp (D:6)
  A worm (D:4)
  3 dart slugs
  29 orcs
  6 ball pythons
  7 endoplasms
  6 giant cockroaches
  14 goblins
  12 hobgoblins
  11 jackals
  2 kobolds (D:6)
  3 quokkas
  3 bats
  6 frilled lizards
  4 rats
141 creatures vanquished.

Vanquished Creatures (others)
  2 withered plants (D:6)
2 creatures vanquished.

Grand Total: 143 creatures vanquished

Notes
Turn   | Place    | Note
-------+----------+-------------------------------------------
     0 | D:1      | NinjaNoafa the Troll Monk began the quest for the Orb.
     0 | D:1      | Reached XP level 1. HP: 22/22 MP: 0/0
     1 | D:1      | You fall into a shaft and drop 1 floor!
   460 | D:1      | Reached XP level 2. HP: 29/29 MP: 1/1
  1141 | D:2      | Reached XP level 3. HP: 35/36 MP: 2/2
  1266 | D:2      | Found a snail-covered altar of Cheibriados.
  1274 | D:2      | Became a worshipper of Cheibriados the Contemplative
  1274 | D:2      | Reached * piety under Cheibriados
  1274 | D:2      | Reached ** piety under Cheibriados
  1310 | D:2      | Noticed Natasha
  1315 | D:2      | Killed Natasha
  1593 | D:3      | Reached XP level 4. HP: 42/44 MP: 3/3
  1595 | D:3      | Found Tizuih's Assorted Antiques.
  1630 | D:3      | Noticed Sigmund
  1638 | D:3      | Killed Sigmund
  1639 | D:3      | Reached skill level 4 in Unarmed Combat
  1639 | D:3      | Reached skill level 1 in Invocations
  1639 | D:3      | Reached XP level 5. HP: 43/53 MP: 3/5
  1686 | D:3      | Noticed Terence
  1780 | D:3      | Killed Terence
  1781 | D:3      | Reached XP level 6. HP: 56/61 MP: 6/6
  1922 | D:3      | Reached *** piety under Cheibriados
  2001 | D:3      | Noticed Ijyb
  2029 | D:3      | Killed Ijyb
  2100 | D:3      | Found a faded altar of an unknown god.
  2218 | D:3      | Noticed Pargi
  2234 | D:3      | Killed Pargi
  2431 | D:4      | Reached XP level 7. HP: 61/67 MP: 7/7
  2712 | D:5      | Entered Level 5 of the Dungeon
  2808 | D:4      | Noticed Menkaure
  2811 | D:4      | Killed Menkaure
  2883 | D:4      | Noticed Robin
  2899 | D:4      | Reached **** piety under Cheibriados
  2918 | D:4      | Killed Robin
  3216 | D:5      | Reached skill level 1 in Short Blades
  3348 | D:3      | Bought a lead wand for 92 gold pieces
  3433 | D:5      | Found a staircase to the Ecumenical Temple.
  3443 | Temple   | Entered the Ecumenical Temple
  3674 | D:5      | Reached ***** piety under Cheibriados
  3686 | D:5      | Reached XP level 8. HP: 78/78 MP: 9/9
  3737 | D:5      | Reached skill level 5 in Unarmed Combat
  4117 | D:6      | Found a runed translucent door.
  4118 | D:6      | Noticed pkoi's ghost (novice DgCj)
  4329 | D:6      | Reached skill level 1 in Evocations
  4886 | D:6      | Mangled by an ogre

Illustrated notes

Levels and vault maps discovered:
D:1:      roderic_crop_circles_arrival_small, layout_basic, minmay_tromino_v2
D:2:      layout_loops_ring, basic_altar, uniq_natasha
D:3:      layout_rooms, hellmonk_ecumenical_altar_crossroads, serial_shops,
          shop, minmay_misc_feat_secret_circle, hangedman_decor_diamond_cutter,
          uniq_ijyb, uniq_sigmund, uniq_terence, uniq_pargi
D:4:      wander_river, layout_basic, minmay_fractal_squares_diagonal_5,
          uniq_robin, uniq_menkaure
D:5:      layout_rooms, minmay_temple_entry_glass
D:6:      layout_basic, gammafunk_ghost_grave, grunt_ministairs_5,
          nicolae_shop_clearance
Temple:   kilobyte_greek_temple

Skill      XL: |  1  2  3  4  5  6  7  8 |
---------------+-------------------------+-----
Fighting       | 3 4 |  4.3
Dodging        | 3 4 |  4.3
Unarmed Combat | 4 5 |  5.0
Invocations    | 1 2 3 4 |  4.9
Stealth        | 2 |  2.8
Short Blades   | 1 3 |  3.5
Evocations     | 1 |  1.7

Action                   |  1- 3 |  4- 6 |  7- 9 || total
-------------------------+-------+-------+-------++-------
Melee: Unarmed           |    79 |   106 |    26 ||   211
       Punch             |     1 |     1 |     5 ||     7
       Short sword       |       |       |   190 ||   190
Throw: Javelin           |       |     9 |     6 ||    15
       Dart              |       |       |     4 ||     4
       Boomerang         |       |       |     2 ||     2
Evoke: Wand              |       |       |     6 ||     6
  Use: Scroll            |       |     7 |     8 ||    15
       Potion            |       |     2 |     3 ||     5
 Stab: Sleeping          |     4 |     1 |     3 ||     8
       Distracted        |       |       |     1 ||     1
Armor: Robe              |    34 |    50 |   127 ||   211
Dodge: Dodged            |    42 |    86 |   221 ||   349
